 Dungeon Crawl Stone Soup version 0.28.0 (webtiles) character file.

Game seed: 2249957619092768094

51 Krehm the Skirmisher (level 3, -7/34 HPs)
             Began as a Hill Orc Abyssal Knight on Feb 17, 2022.
             Was a Follower of Lugonu.
             Mangled by a gnoll (8 damage)
             ... on level 2 of the Dungeon.
             The game lasted 00:06:23 (2129 turns).

Krehm the Skirmisher (Hill Orc Abyssal Knight)      Turns: 2129, Time: 00:06:23

Health: -7/34      AC:  3    Str: 17    XL:     3   Next: 81%
Magic:  5/5        EV: 11    Int: 10    God:    Lugonu [*.....]
Gold:   68         SH:  0    Dex: 11    Spells: 2/2 levels left

rFire   . . .      SeeInvis +   a - +1 hand axe
rCold   . . .      Faith    .   (no shield)
rNeg    . . .      Spirit   .   b - +0 leather armour
rPois   +          Reflect  .   (no helmet)
rElec   .          Harm     .   (no cloak)
rCorr   .          Rampage  .   (no gloves)
Will    .....                   (no boots)
Stlth   +.........              (no amulet)
HPRegen 0.11/turn               d - ring of poison resistance
MPRegen 0.09/turn               g - ring of see invisible

@: no status effects
A: no striking features
a: Renounce Religion, Depart the Abyss


You were on level 2 of the Dungeon.
You worshipped Lugonu.
Lugonu was aware of your devotion.
You visited 1 branch of the dungeon, and saw 2 of its levels.
You visited the Abyss 1 time.

You collected 68 gold pieces.

Inventory:

Hand Weapons
 a - a +1 hand axe (weapon)
Armour
 b - a +0 leather armour (worn)
Jewellery
 d - a ring of poison resistance (left hand)
 g - a ring of see invisible (right hand)
 h - a +6 ring of intelligence
 j - a ring of flight
Scrolls
 l - a scroll of enchant armour {unknown}
 m - a scroll of identify {unknown}
Potions
 c - a potion of haste {unknown}
 f - a potion of mutation {unknown}
 i - a potion of degeneration {unknown}


   Skills:
 + Level 4.4 Fighting
 + Level 3.8 Axes
 - Level 2.2 Armour
 - Level 0.9 Dodging
 - Level 3.3 Invocations


You had 2 spell levels left.
You didn't know any spells.
Your spell library contained the following spells:

 Spells                   Type           Power      Damage    Failure   Level
 Sandblast                Erth           0%         2d4       41%         1
 Corpse Rot               Necr/Air       0%         N/A       56%         2
 Passwall                 Tmut/Erth      0%         N/A       56%         2
 Poisonous Vapours        Pois/Air       0%         N/A       56%         2
 Sublimation of Blood     Necr           0%         N/A       56%         2
 Stone Arrow              Conj/Erth      0%         3d7       80%         3
 Petrify                  Tmut/Erth      0%         N/A       99%         4
 Irradiate                Conj/Tmut      0%         3d13      100%        5


Dungeon Overview and Level Annotations

Branches:
Dungeon (2/15)

Altars:

Shops:
D:2 :


Message History

A gnoll comes into view. It is wielding a +3 halberd.
Okay, then.
There is an open door here.
The gnoll hits you from afar with a +0 spear.
The gnoll hits you from afar with a +0 spear.
The gnoll barely misses you.
The gnoll enters a dispersal trap!
The gnoll blinks! x3; You blink.
The gnoll blinks!
The gnoll hits you from afar with a +0 spear.
* * * LOW HITPOINT WARNING * * *
The gnoll barely misses you.
It was a potion of heal wounds.
You feel much better. The gnoll barely misses you.
The gnoll hits you from afar with a +0 spear.
The gnoll hits you with a +0 whip.
You barely miss the gnoll.
The gnoll hits you from afar with a +0 spear.
The gnoll barely misses you. The gnoll hits you with a +0 whip.
You slash the gnoll!
The gnoll is severely wounded.
The gnoll barely misses you. x2; The gnoll hits you with a +0 whip.
The gnoll hits you from afar with a +0 spear.
* * * LOW HITPOINT WARNING * * *
You feel much better.
The gnoll hits you from afar with a +0 spear.
The gnoll hits you with a +0 whip.
The gnoll hits you from afar with a +0 spear!
You closely miss the gnoll.
The gnoll is severely wounded.
The gnoll hits you from afar with a +0 spear!
* * * LOW HITPOINT WARNING * * *
The gnoll hits you with a +0 whip.
* * * LOW HITPOINT WARNING * * *
The gnoll hits you from afar with a +0 spear.
* * * LOW HITPOINT WARNING * * *
Okay, then.
As you read the scroll labelled VUETZO LORUSS, it crumbles to dust.
The scroll dissolves into smoke.
It was a scroll of fog.
The gnoll completely misses you. The gnoll hits you with a +0 whip!
You die...

##+#.#.#.#..#.#
#.#.#......#.#
#...###.#.##.# ###.#
#g#....# #.#
#.########### #.#
#...g.g.g..g. ##
####g##############.
.######## #.§§§.# .
.'...<..# #.§@g.# .
.######## #§§§§g# .
.# #.§§..# g .#
#.....# $
#################.##
g
............†.....#
###################
...<....##....†.#
.######.##.####.#


You could see 3 gnolls.

Vanquished Creatures
  3 worms (D:2)
  4 dart slugs
  A ball python (D:1)
  An endoplasm (D:2)
  2 goblins
  6 hobgoblins
  A quokka (D:1)
  4 bats
  2 frilled lizards
  7 kobolds
  A rat (D:2)
32 creatures vanquished.

Notes
Turn   | Place    | Note
-------+----------+-------------------------------------------
     0 | Abyss:1  | Krehm the Hill Orc Abyssal Knight began the quest for the
                  | Orb.
     0 | Abyss:1  | Reached XP level 1. HP: 19/19 MP: 2/2
    24 | Abyss:1  | Noticed an ancient zyme
    25 | Abyss:1  | Noticed a thrashing horror
    68 | Abyss:2  | Noticed a small abomination
    79 | Abyss:2  | Noticed a revenant
    80 | D:1      | Escaped the Abyss
   303 | D:1      | Reached XP level 2. HP: 23/27 MP: 4/4
   419 | D:1      | Reached * piety under Lugonu
   689 | D:1      | Reached skill level 4 in Fighting
  1230 | D:2      | Reached XP level 3. HP: 27/33 MP: 5/5
  1388 | D:2      | Found a faded altar of an unknown god.
  1785 | D:2      | Identified the +1 scale mail of the Hall of Blades {-Tele
                  | Will+ Int+6 Dex-4}
  2049 | D:2      | Found Vuetas's Book Emporium.
  2128 | D:2      | HP: 1/34 [gnoll (3)]
  2129 | D:2      | Mangled by a gnoll

Illustrated notes

Levels and vault maps discovered:
D:1:      minmay_arrival_loop, layout_rooms, lemuel_another_geyser
D:2:      minmay_roachtagon, layout_basic, serial_shops, shop,
          dreamdust_ecumenical_altar_hidden_monk_grotto,
          kennysheep_generic_room_14

Skill      XL: |  1  2 |
---------------+-------+-----
Axes           | 3 |  3.8
Invocations    | 3 |  3.3
Fighting       | 4 |  4.4
Armour         | |  2.2
Dodging        | |  0.9

Action                   || total
-------------------------++-------
Melee: Hand axe          ||   124
       Punch             ||     3
Invok: Depart the Abyss  ||     1
  Use: Potion            ||     2
       Scroll            ||     1
Armor: Leather armour    ||    32
Dodge: Dodged            ||    75
